cohdb
Replays
Latest Replays
All Replays
Popular Replays
Top Player Replays
Match Explorer
How It Works
Community
CoH3 Stats
Reddit
Sign in to upload your games and track your stats! →
Sign in with Steam
Match 27475692
Unlisted
Match 27475692
Overview
Messages
Build Orders
End
Vickers Machine Gun Team
Selects Air and Sea Battlegroup
Selects Air and Sea Battlegroup
Construct Section Command Post
Infantry Section
Infantry Section
ML 3-inch Mortar Team
Infantry Section
Construct Platoon Command Post
Selects Supply Surplus
Construct Field Infirmary
JR1
ProjectGemini07
Insurmountable Odds
SORN E.
Armbbking
Wait What?
0
0
Comments
sign in to comment!
No comments posted yet!